 Dungeon Crawl Stone Soup version 0.27.1-3-gb3d3a73c9e (webtiles) character file.

Game seed: 1671068497785850485

51 Borgoz the Skirmisher (level 3, -1/24 HPs)
             Began as a Gargoyle Fighter on Oct 30, 2021.
             Killed by nerve-wracking pain
             ... invoked by Jessica
              (7 damage)
             ... on level 2 of the Dungeon.
             The game lasted 00:01:28 (2244 turns).

Borgoz the Skirmisher (Gargoyle Fighter)            Turns: 2244, Time: 00:01:29

Health: -1/24      AC: 10    Str: 19    XL:     3   Next: 83%
Magic:  3/3        EV: 22    Int:  8    God:
Gold:   25         SH:  9    Dex: 10    Spells: 2/2 levels left

rFire    . . .     SeeInvis .   a - +0 flail
rCold    . . .     Faith    .   c - +0 kite shield
rNeg     + . .     Spirit   .   b - +0 scale mail
rPois    ∞         Reflect  .   (no helmet)
rElec    +         Harm     .   (no cloak)
rCorr    .         Rampage  .   (no gloves)
Will     .....                  (no boots)
Stlth    ..........             g - amulet of the acrobat
HPRegen  0.08/turn              (no ring)
MPRegen  0.08/turn              (no ring)

@: mighty, acrobatic, slowed, very slow
A: sickness immunity, AC +3, negative energy resistance 1, electricity
resistance, torment resistance 1, petrification resistance
a: no special abilities


You were on level 2 of the Dungeon.
You visited 1 branch of the dungeon, and saw 2 of its levels.

You collected 25 gold pieces.

Inventory:

Hand Weapons
 a - a +0 flail (weapon)
Armour
 b - a +0 scale mail (worn)
 c - a +0 kite shield (worn)
Jewellery
 g - an amulet of the acrobat (around neck)
Scrolls
 e - a scroll of enchant weapon {unknown}
 f - 2 scrolls of silence {unknown}
 h - a scroll of teleportation {unknown}
 j - a scroll of identify {unknown}
Potions
 i - a potion of brilliance {unknown}


   Skills:
 * Level 3.8 Fighting
 * Level 2.6 Maces & Flails
 * Level 3.8 Armour
 * Level 1.0 Dodging
 + Level 3.4 Shields


You had 2 spell levels left.
You didn't know any spells.
Your spell library contained the following spells:

 Spells                   Type           Power      Damage    Failure   Level
 Sandblast                Erth           0%         2d4       99%         1
 Passwall                 Tmut/Erth      0%         N/A       100%        2
 Lee's Rapid Deconstruct  Erth           0%         3d5*      100%        5


Dungeon Overview and Level Annotations

Branches:
Dungeon (2/15)

Altars:

Annotations:
D:2 Jessica


Innate Abilities, Weirdness & Mutations

You are immune to sickness and miasma.
Your stone body is resilient. (AC +3)
You are immune to poison.
You resist negative energy. (rN+)
You are resistant to electric shocks. (rElec)
You are resistant to unholy torment.
You are immune to petrification.


Message History

No target in view!
No target in view!
No target in view!
A hobgoblin comes into view.
Found 7 stones.
The hobgoblin shouts!
Found 15 stones.
The hobgoblin hits you.
You sock the hobgoblin!
You kill the hobgoblin!
Jessica looks very angry.
Jessica drinks a potion.
Jessica flickers and vanishes!
Deactivating autopickup; reactivate with Ctrl-A.
No target in view!
No target in view!
No target in view!
No target in view!
No target in view!
No target in view!
No target in view!
No target in view!
No target in view!
You hear some strange, mumbled words.
You feel yourself slow down.
You hear some strange, mumbled words.
Something hits you but does no damage. Something hits you.
Something barely misses you.
You closely miss something.
Something hits you but does no damage. x2
Something hits you.
You closely miss something. Something hits you.
You hear some strange, mumbled words.
Pain shoots through your body!
* * * LOW HITPOINT WARNING * * *
Something hits you but does no damage. x2
You barely miss something.
You hear some strange, mumbled words.
You feel very mighty all of a sudden.
Something tries to affect you, but you resist.
Pain shoots through your body!
You die...

..... #.##.... ... #.......
.(....... ... #####.....
......... #.### #...#.####
........ #...#####.#.#.####
......# #.# #....#.......
#....# #.# #.####.......
#....# #.####÷#..........
.#(#..†.###@.....#.###......
............#.(###.# #......
#..#.#......#......###......
#.######.....#.....#.## ...
#...#.#.#.#####.#. #....
#.###.#...#.....#. #.### #.#
#.#>###.#####. #. #.#
#............. #
#.#####.....######


There were no monsters in sight!

Vanquished Creatures
  An adder (D:2)
  5 ball pythons
  2 bats (D:1)
  2 endoplasms (D:1)
  A giant cockroach (D:2)
  7 goblins
  3 hobgoblins
  9 jackals
  A quokka (D:1)
  3 kobolds
  2 rats (D:1)
36 creatures vanquished.

Notes
Turn   | Place    | Note
-------+----------+-------------------------------------------
     0 | D:1      | Borgoz the Gargoyle Fighter began the quest for the Orb.
     0 | D:1      | Reached XP level 1. HP: 14/14 MP: 1/1
   286 | D:1      | Reached XP level 2. HP: 19/19 MP: 2/2
  1264 | D:1      | Reached XP level 3. HP: 22/24 MP: 3/3
  2079 | D:2      | Reached skill level 1 in Dodging
  2224 | D:2      | Noticed Jessica
  2244 | D:2      | Killed from afar by Jessica

Illustrated notes

Levels and vault maps discovered:
D:1:      dpeg_arrival_circle_labyrinth_c, layout_basic
D:2:      layout_basic, grunt_ministairs_7, uniq_jessica

Skill      XL: |  1  2  3 |
---------------+----------+-----
Dodging        | 1 |  1.0
Fighting       | |  3.8
Maces & Flails | |  2.6
Armour         | |  3.8
Shields        | |  3.4

Action                   || total
-------------------------++-------
Melee: Flail             ||   131
  Use: Potion            ||     1
Armor: Scale mail        ||    85
Dodge: Dodged            ||    49
Block: Kite shield       ||    76
